 Dungeon Crawl Stone Soup version 0.28-a0-622-gbaef9634d7 (webtiles) character file.

Game seed: 11264845960618822630

9 sleeves the Skirmisher (level 2, 24/24 HPs)
             Began as a Demonspawn Fighter on Oct 7, 2021.
             Was a Follower of Vehumet.
             Quit the game on level 1 of the Dungeon.
             The game lasted 00:00:32 (477 turns).

sleeves the Skirmisher (Demonspawn Fighter)          Turns: 477, Time: 00:00:34

Health: 24/24      AC:  4    Str: 16    XL:     2   Next: 3%
Magic:  2/2        EV: 11    Int:  9    God:    Vehumet [*.....]
Gold:   5          SH:  4    Dex: 12    Spells: 1/1 levels left

rFire   . . .      SeeInvis .   (no weapon)
rCold   + . .      Faith    .   c - +0 buckler
rNeg    . . .      Spirit   .   h - +2 robe {rC+}
rPois   .          Reflect  .   (no helmet)
rElec   .          Harm     .   (no cloak)
rCorr   .          Rampage  .   (no gloves)
Will    .....                   (no boots)
Stlth   +.........              (no amulet)
HPRegen 0.08/turn               (no ring)
MPRegen 0.08/turn               (no ring)

@: no status effects
A: hooves 1
a: Renounce Religion


You were on level 1 of the Dungeon.
You worshipped Vehumet.
Vehumet was aware of your devotion.
You visited 1 branch of the dungeon, and saw 1 of its levels.

You collected 5 gold pieces.

Inventory:

Armour
 c - a +0 buckler (worn)
 h - a +2 robe of cold resistance (worn)
   (You found it on level 1 of the Dungeon)
Scrolls
 e - a scroll of enchant armour {unknown}
 f - a scroll of identify {unknown}
 g - a scroll of vulnerability {unknown}
Potions
 d - a potion of might


   Skills:
 - Level 3.0 Fighting
 - Level 2.5 Long Blades
 - Level 2.6 Armour
 - Level 2.6 Shields
 + Level 0.0 Unarmed Combat


You had one spell level left.
You didn't know any spells.
Your spell library contained the following spells:

 Spells                   Type           Power      Damage    Failure   Level
 Freeze                   Ice            0%         1d3       43%         1
 Sandblast                Erth           0%         2d4       43%         1


Dungeon Overview and Level Annotations

Branches:
Dungeon (1/15)

Altars:
Vehumet


Innate Abilities, Weirdness & Mutations

You have large cloven feet.


Message History

Welcome, sleeves the Demonspawn Fighter.
It is said that the Orb of Zot exists deep within this dungeon.
Press ? for a list of commands and other information.
Found a staircase leading out of the dungeon.
You open the door.
There is an open door here.
You open the door.
There is an open door here.
As you open the door, it creaks loudly!
Found 23 stones.
There is an open door here.
You open the door.
There is an open door here.
A kobold comes into view. It is wielding a +0 club.
The kobold shouts!
The kobold throws a stone.
The stone hits you but does no damage.
A kobold is nearby!
A kobold is nearby!
Found a scroll labelled AXOINK DIEQ.
A ball python comes into view.
The kobold throws a stone.
You block the stone.
An endoplasm comes into view.
The endoplasm quivers.
The kobold hits you with a +0 club.
The endoplasm jiggles.
You hit the kobold but do no damage. The kobold hits you with a +0 club.
The kobold hits you but does no damage.
You hit the kobold but do no damage. The kobold hits you but does no damage.
You hit the kobold.
The kobold is moderately wounded.
The kobold closely misses you. You block the ball python's attack.
The ball python grabs you. The ball python constricts you.
You barely miss the ball python. The kobold barely misses you.
The ball python barely misses you. The ball python constricts you.
The kobold hits you but does no damage.
You barely miss the ball python. The ball python barely misses you.
The ball python constricts you. The kobold hits you but does no damage.
The endoplasm hits you but does no damage.
The ball python completely misses you. The ball python constricts you.
You slash the ball python!
You kill the ball python!
The kobold hits you but does no damage. The endoplasm freezes you.
You are frozen.
The kobold misses you.
The endoplasm hits you but does no damage.
You are too injured to fight recklessly!
You are too injured to fight recklessly!
You are too injured to fight recklessly!
You are too injured to fight recklessly!
There are monsters nearby!
There are monsters nearby!
You are too injured to fight recklessly!
You are too injured to fight recklessly!
You are too injured to fight recklessly!
You are too injured to fight recklessly!
You are too injured to fight recklessly!
You are too injured to fight recklessly!
You are too injured to fight recklessly!
You closely miss the kobold.
The kobold is moderately wounded.
The kobold hits you with a +0 club.
* * * LOW HITPOINT WARNING * * *
The endoplasm hits you but does no damage.
You hit the endoplasm.
The endoplasm is heavily wounded.
You block the kobold's attack. The endoplasm freezes you.
You are frozen.
* * * LOW HITPOINT WARNING * * *
You hit the kobold.
You kill the kobold!
The endoplasm freezes you.
You are frozen.
* * * LOW HITPOINT WARNING * * *
The endoplasm barely misses you.
Your Long Blades skill increases to level 2!
You barely miss the endoplasm.
The endoplasm is heavily wounded.
The endoplasm hits you but does no damage.
You hit the endoplasm.
You kill the endoplasm!
Key pressed, stopping explore.
Key pressed, stopping explore.
HP restored.
Things that are here:
a +0 club; 3 stones
e - a scroll labelled AXOINK DIEQ No target in view!
No target in view!
No target in view!
No target in view!
No target in view!
No target in view!
No target in view!
No target in view!
A kobold comes into view. It is wielding a +0 club.
The kobold shouts!
A kobold is nearby!
A kobold is nearby!
The kobold hits you with a +0 club.
You closely miss the kobold. The kobold hits you with a +0 club.
The kobold hits you but does no damage.
You slash the kobold!
You kill the kobold!
No target in view!
No target in view!
No target in view!
No target in view!
No target in view!
No target in view!
No target in view!
No target in view!
f - a scroll labelled ATSUMETISOK
g - a scroll labelled LEOGIT NITHEI A bat comes into view.
A bat is nearby!
The bat hits you but does no damage.
You hit the bat.
You kill the bat!
No target in view!
No target in view!
No target in view!
No target in view!
No target in view!
No target in view!
No target in view!
No target in view!
A rat comes into view.
The rat moves out of view.
A rat is nearby!
You block the rat's attack.
You slash the rat!
You kill the rat!
No target in view!
No target in view!
No target in view!
No target in view!
No target in view!
No target in view!
No target in view!
You see here a rat corpse.
Found a faded altar of an unknown god.
You pick up Plato's Disquisition on Clay and begin reading...
You add the spell Sandblast to your library.
There is a faded altar of an unknown god here.
A ball python comes into view.
The ball python hisses angrily.
You hit the ball python.
You kill the ball python!
No target in view!
No target in view!
No target in view!
No target in view!
No target in view!
No target in view!
A giant cockroach comes into view.
Found a runed robe.
A giant cockroach is nearby!
You barely miss the giant cockroach. You block the giant cockroach's attack.
You closely miss the giant cockroach.
The giant cockroach bites you but does no damage. x2
You barely miss the giant cockroach.
The giant cockroach bites you but does no damage.
You hit the giant cockroach.
The giant cockroach is heavily wounded.
The giant cockroach barely misses you. x2
You hit the giant cockroach.
You kill the giant cockroach!
You have reached level 2!
You feel monstrous as your demonic heritage exerts itself.
Your demonic ancestry asserts itself...
Your feet thicken and deform.
Found 6 gold pieces.
You now have 5 gold pieces.
Found a scroll labelled LEN ZACERONUDI.
Found 18 bolts.
You see here a +2 robe of cold resistance.
h - a +2 robe of cold resistance You start removing your armour.
You continue taking off your +0 scale mail. x4
You finish taking off your +0 scale mail.
You start putting on your armour.
You continue putting on your +2 robe of cold resistance. x5
You finish putting on your +2 robe of cold resistance.
You feel resistant to cold.
Drop what? 8/52 slots (_ for help) (? for menu, Esc to quit)
You drop a +0 scale mail.
Drop what? 7/52 slots (_ for help) (? for menu, Esc to quit)
You are now empty-handed.
You drop a +0 long sword.
Unknown command.
There is a faded altar of an unknown god here.
You cannot tell which god this altar belongs to.
Convert to them anyway?
Vehumet accepts your prayer! Vehumet welcomes you!
You can now gain magical power from killing.
Vehumet offers you knowledge of Freeze.
Are you sure you want to abandon this character and quit the game? (Confirm with "yes".)

######## #......##
##.^##...######
########...P.#.......#
..........^##†#......#
.......##.^..#.#.....# .......
#..##.#.#....# .......
#...#.#.#....###
.......##..@#.#.#......####
............#.#P#........... .
.#######...##.#.#......#####
...###......^P.#.#..###### ..
............^##P#P....######.. .
#####.........#..........♣...
..#######......^##........P.≈≈≈..
........†..)............♣.≈≈≈♣≈≈.
...................)......♣≈≈≈≈≈♣


There were no monsters in sight!

Vanquished Creatures
  2 ball pythons (D:1)
  An endoplasm (D:1)
  A giant cockroach (D:1)
  2 kobolds (D:1)
  A bat (D:1)
  A rat (D:1)
8 creatures vanquished.

Notes
Turn   | Place    | Note
-------+----------+-------------------------------------------
     0 | D:1      | sleeves the Demonspawn Fighter began the quest for the Orb.
     0 | D:1      | Reached XP level 1. HP: 18/18 MP: 1/1
    51 | D:1      | HP: 9/18 [kobold (2)]
    52 | D:1      | HP: 4/18 [frozen (5)]
    53 | D:1      | HP: 1/18 [frozen (3)]
    54 | D:1      | Reached skill level 2 in Long Blades
   427 | D:1      | Found a faded altar of an unknown god.
   430 | D:1      | Got Plato's Disquisition on Clay
   446 | D:1      | Gained mutation: You have large cloven feet. [demonic
                  | ancestry]
   446 | D:1      | Reached XP level 2. HP: 24/24 MP: 2/2
   476 | D:1      | Became a worshipper of Vehumet
   476 | D:1      | Reached * piety under Vehumet
   476 | D:1      | Offered knowledge of Freeze by Vehumet.
   477 | D:1      | Quit the game

Illustrated notes

Levels and vault maps discovered:
D:1:      evilmike_arrival_rings, layout_basic,
          shapermc_ecumenical_altar_rom_forum, serial_bayou_pond_a

Skill      XL: |  1 |
---------------+----+-----
Long Blades    | 2 |  2.5
Fighting       | |  3.0
Armour         | |  2.6
Shields        | |  2.6

Action                   || total
-------------------------++-------
Melee: Long sword        ||    21
Armor: Scale mail        ||    15
Dodge: Dodged            ||     9
Block: Buckler           ||     5

Table legend: (Time is in decaauts)
 A = Elapsed time spent in this place.
 B = Non-inter-level travel time spent in this place.
 C = Inter-level travel time spent in this place.
 D = Time resting spent in this place.
 E = Time spent auto-exploring this place.
 F = Levels seen in this place.
 G = Mean time per level.
                   A        B        C        D        E       F      G
               +--------+--------+--------+--------+--------+-----+--------+
         Total |    483 |    483 |      0 |      0 |    397 |   1 |  483.0 |
       Dungeon |    483 |    483 |      0 |      0 |    397 |   1 |  483.0 |
               +--------+--------+--------+--------+--------+-----+--------+

Top non-repeatable levels by time:
     D:1: 483 daAuts
